 Dungeon Crawl Stone Soup version 0.17-a0-1368-g6ab37f2 (webtiles) character file.

323 Volodja the Slasher (level 6, -8/47 HPs)
             Began as a Formicid Fighter on June 12, 2015.
             Mangled by an ice beast (13 damage)
             ... on level 4 of the Dungeon.
             The game lasted 00:06:38 (2950 turns).

Volodja the Slasher (Formicid Fighter)              Turns: 2950, Time: 00:06:39

Health: -8/47      AC:  6    Str: 21    XL:     6   Next: 77%
Magic:  6/6        EV:  7    Int:  8    God:
Gold:   76         SH:  9    Dex: 11    Spells: 0 memorised, 5 levels left

rFire  . . .     SeeInvis +     B - +0 long sword (elec)
rCold  . . .     Clarity  .     b - +0 scale mail
rNeg   . . .     SustAt   .     c - +0 shield
rPois  .         Gourm    .     (helmet unavailable)
rElec  .         Spirit   .     (no cloak)
rCorr  .         Warding  .     (no gloves)
rMut   .         Stasis   +     (no boots)
MR     .....                    (no amulet)
Stlth  ..........               (no ring)
                                (no ring)

@: lethally poisoned (-8 -> -15), not resistant to hostile enchantments,
extremely unstealthy
A: permanent stasis, dig shafts and tunnels, four strong arms, antennae 3
a: Dig, Shaft Self


You were on level 4 of the Dungeon.
You were not hungry.

You visited 1 branch of the dungeon, and saw 4 of its levels.

You collected 76 gold pieces.

Inventory:

Hand weapons
 a - a +0 long sword
 p - a +0 hunting sling
 B - a +0 long sword of electrocution (weapon)
Armour
 b - a +0 scale mail (worn)
 c - a +0 shield (worn)
 A - a +0 chain mail
Jewellery
 s - a cursed ring of loudness {unknown}
 C - an uncursed ring of protection from cold {unknown}
Magical devices
 E - a wand of fire (6)
Scrolls
 f - a scroll of amnesia {unknown}
 g - 5 scrolls of identify {unknown}
 h - a scroll of magic mapping {unknown}
 j - 2 scrolls of fear {unknown}
 k - a scroll of random uselessness {unknown}
 n - 2 scrolls of noise {unknown}
 x - 2 scrolls of teleportation {unknown}
 y - a scroll of remove curse {unknown}
Potions
 d - 2 potions of might
 i - a potion of haste {unknown}
 l - a potion of cancellation {unknown}
 m - 2 potions of heal wounds {unknown}
 o - 2 potions of flight {unknown}
 q - 3 potions of curing {unknown}
 r - a potion of resistance {unknown}
 t - a potion of berserk rage {unknown}
 u - a potion of poison {unknown}
 z - 3 potions of lignification {unknown}
Comestibles
 v - a beef jerky
 w - 3 meat rations
 D - a slice of pizza


   Skills:
 - Level 3.2 Fighting
 + Level 6.6 Long Blades
 - Level 3.2 Armour
 - Level 3.6 Shields


You had 5 spell levels left.
You didn't know any spells.

Dungeon Overview and Level Annotations

Branches:
Dungeon (4/15)
 Temple: D:4-7

Altars:
Makhleb
Nemelex Xobeh
Sif Muna


Innate Abilities, Weirdness & Mutations

You are under a permanent stasis effect.
You can dig through walls and to a lower floor.
Your four strong arms can wield two-handed weapons with a shield.
You have a pair of large antennae on your head (SInv).


Message History

The ice beast freezes you.
You closely miss the ice beast. The scorpion stings you.
The ice beast hits you but does no damage.
You block the ice beast's attack. The scorpion stings you.
You are poisoned.
The scorpion poisons you!
You hit the ice beast.
The ice beast is lightly wounded.
You feel sick. You block the scorpion's attack. The ice beast hits you.
The ice beast freezes you!
* * * LOW HITPOINT WARNING * * *
You closely miss the ice beast.
The ice beast is lightly wounded.
* * * LOW HITPOINT WARNING * * *
You feel sick. The ice beast barely misses you.
You block the scorpion's attack.
You hit the scorpion but do no damage. The ice beast hits you.
* * * LOW HITPOINT WARNING * * *
The ice beast freezes you!
You die...

###.......## {
........... #........$
#......... #.........
#......... { ##.....#...
#.##.###### ##..........
#.....Y@sa###...........
#########g##.ga.........
#.##.......)....
#...............
###.............
##............
####.............
#....)...........
##>##..##........>


You could see an ice beast, a scorpion, a worker ant and a hobgoblin.

Vanquished Creatures
  A phantom (D:4)
  The ghost of HEYYEYAAE the Gusty, an average HuAE (D:3)
  A hound (D:4)
  A worker ant (D:4)
  5 adders
  3 worms
  6 orcs (D:4)
  A bat skeleton (D:4)
  5 hobgoblins
  6 jackals
  4 bats
  A giant cockroach (D:1)
  A giant gecko (D:3)
  5 giant newts
  A goblin (D:1)
  7 kobolds
  10 rats
59 creatures vanquished.

Notes
Turn   | Place    | Note
--------------------------------------------------------------
     0 | D:1      | Volodja the Formicid Fighter began the quest for the Orb.
     0 | D:1      | Reached XP level 1. HP: 18/18 MP: 1/1
   476 | D:1      | Reached XP level 2. HP: 24/24 MP: 2/2
   781 | D:2      | Reached XP level 3. HP: 15/29 MP: 3/3
  1283 | D:2      | Found a burning altar of Makhleb.
  1283 | D:2      | Noticed an Executioner
  1287 | D:2      | Noticed a ynoxinul
  1287 | D:2      | Noticed an orange demon
  1313 | D:2      | Found a sparkling altar of Nemelex Xobeh.
  1590 | D:2      | Reached skill level 4 in Long Blades
  1590 | D:2      | Reached XP level 4. HP: 25/35 MP: 4/4
  1927 | D:3      | Noticed HEYYEYAAE's ghost (average HuAE)
  2039 | D:3      | Killed HEYYEYAAE's ghost
  2039 | D:3      | Reached skill level 5 in Long Blades
  2039 | D:3      | Reached XP level 5. HP: 38/41 MP: 5/5
  2304 | D:3      | Found a deep blue altar of Sif Muna.
  2449 | D:4      | Noticed a phantom
  2632 | D:4      | Killed a phantom
  2632 | D:4      | Reached skill level 6 in Long Blades
  2632 | D:4      | Reached XP level 6. HP: 21/47 MP: 6/6
  2943 | D:4      | Noticed an ice beast
  2950 | D:4      | Mangled by an ice beast

Vault maps used:
D:1:      lemuel_arrival_broad_hall
D:2:      nemelex_xobeh_ov_fountains_minmay, roderic_greek_sauvastika,
          makhleb_altar_promises_db
D:3:      led_sif_pool
D:4:      kennysheep_little_box, serial_shops, nicolae_shop_stone,
          gup_ossuary_entry_pyramid, first_bread

Action                   |  1- 3 |  4- 6 || total
-------------------------+-------+-------++-------
Melee: Long sword        |   115 |   115 ||   230
  Eat: Chunk             |     2 |     4 ||     6
       Bread ration      |       |     1 ||     1
